 Dungeon Crawl Stone Soup version 0.28-a0-938-gbc3f381ebc (webtiles) character file.

Game seed: 207551855407729242

109 greenreed the Firebug (level 4, -5/32 HPs)
             Began as a Gnoll Fire Elementalist on Nov 29, 2021.
             Hit by a silver boomerang thrown by an orc (6 damage)
             ... on level 3 of the Dungeon.
             The game lasted 00:07:20 (2313 turns).

greenreed the Firebug (Gnoll Fire Elementalist)     Turns: 2313, Time: 00:07:21

Health: -5/32      AC:  2    Str:  8    XL:     4   Next: 89%
Magic:  1/11       EV: 13    Int: 15    God:
Gold:   51         SH:  3    Dex: 12    Spells: 12/13 levels left

rFire   . . .      SeeInvis .   f - +0 dagger (drain)
rCold   . . .      Faith    .   g - +0 buckler
rNeg    . . .      Spirit   .   a - +0 robe
rPois   .          Reflect  .   (no helmet)
rElec   .          Harm     .   (no cloak)
rCorr   .          Rampage  .   (no gloves)
Will    .....                   (no boots)
Stlth   +++.......              (no amulet)
HPRegen 0.10/turn               (no ring)
MPRegen 0.12/turn               (no ring)

@: no status effects
A: fangs 1, strong nose, distributed training
a: no special abilities


You were on level 3 of the Dungeon.
You visited 1 branch of the dungeon, and saw 3 of its levels.

You collected 51 gold pieces.

Inventory:

Hand Weapons
 f - a +0 dagger of draining (weapon)
Missiles
 b - 2 throwing nets
 d - 25 poisoned darts
Armour
 a - a +0 robe (worn)
 g - a +0 buckler (worn)
Scrolls
 c - 2 scrolls of identify {unknown}
 e - a scroll of summoning {unknown}
 i - 3 scrolls of vulnerability {unknown}
 j - 2 scrolls of amnesia {unknown}
 k - a scroll of brand weapon {unknown}
Potions
 h - 2 potions of heal wounds {unknown}


   Skills:
 + Level 1.2 Fighting
 + Level 1.2 Short Blades
 + Level 1.2 Long Blades
 + Level 1.2 Axes
 + Level 1.2 Maces & Flails
 + Level 1.2 Polearms
 + Level 1.2 Staves
 + Level 1.2 Slings
 + Level 1.2 Bows
 + Level 1.2 Crossbows
 + Level 1.2 Throwing
 + Level 1.2 Armour
 + Level 4.7 Dodging
 + Level 4.3 Stealth
 + Level 1.2 Shields
 + Level 1.2 Unarmed Combat
 + Level 5.1 Spellcasting
 + Level 2.3 Conjurations
 + Level 1.0 Hexes
 + Level 1.0 Summonings
 + Level 1.0 Necromancy
 + Level 1.0 Translocations
 + Level 1.0 Transmutations
 + Level 5.5 Fire Magic
 + Level 1.0 Ice Magic
 + Level 1.0 Air Magic
 + Level 1.0 Earth Magic
 + Level 1.0 Poison Magic
 + Level 1.4 Invocations
 + Level 1.2 Evocations


You had 12 spell levels left.
You knew the following spells:

 Your Spells              Type           Power      Damage    Failure   Level
a - Foxfire               Conj/Fire      60%        2x1d7     4%          1

Your spell library contained the following spells:

 Spells                   Type           Power      Damage    Failure   Level
 Scorch                   Fire           40%        2d7       3%          2
 Summon Small Mammal      Summ           28%        N/A       14%         1
 Conjure Flame            Conj/Fire      15%        6-21      14%         3
 Inner Flame              Hex/Fire       13%        N/A       19%         3
 Call Canine Familiar     Summ           7%         N/A       41%         3
 Ozocubu's Armour         Ice            7%         N/A       41%         3
 Summon Guardian Golem    Hex/Summ       7%         N/A       41%         3
 Tukima's Dance           Hex            7%         N/A       41%         3
 Flame Wave               Conj/Fire      15%        2d5       41%         4
 Passage of Golubria      Tloc           7%         N/A       82%         4
 Yara's Violent Unravell  Hex/Tmut       3%         3d4       99%         5
 Ozocubu's Refrigeration  Ice            3%         4d5       100%        7


Dungeon Overview and Level Annotations

Branches:
Dungeon (3/15)

Altars:
Gozag
Okawaru

Shops:
D:1 !


Innate Abilities, Weirdness & Mutations

You have very sharp teeth.
Your uncanny sense of smell can sniff out nearby items.
Your experience applies equally to all skills.


Message History

The orc is almost dead.
The foxfire hits the orc but does no damage.
The orc is almost dead.
The orc hits you with a +0 mace.
Casting: Foxfire (safe; 4% risk of failure)
Confirm with . or Enter, or press ? or * to list all spells.
You conjure some foxfire!
The foxfire hits the orc.
You kill the orc!
Casting: Foxfire (safe; 4% risk of failure)
Confirm with . or Enter, or press ? or * to list all spells.
You conjure some foxfire!
The foxfire hits something.
The foxfire hits something but does no damage. x2
Casting: Foxfire (safe; 4% risk of failure)
Confirm with . or Enter, or press ? or * to list all spells.
You conjure some foxfire!
Something hits you.
Deactivating autopickup; reactivate with Ctrl-A.
Your foxfire dissipates!
The foxfire hits something!
The foxfire hits something.
You hear some strange, mumbled words.
You are confused.
The orc throws a silver boomerang.
The silver boomerang hits you but does no damage.
Something hits you.
You bump into the stone wall.
The orc throws a silver boomerang.
Something hits you.
The orc hits you from afar with a +0 trident.
The orc hits you with a +0 hand axe.
You barely miss the orc.
The orc throws a silver boomerang.
The silver boomerang hits you but does no damage.
You hear some strange, mumbled words.
A puff of flame appears from out of thin air!
The puff of flame hits you.
* * * LOW HITPOINT WARNING * * *
The orc hits you from afar with a +0 trident!
* * * LOW HITPOINT WARNING * * *
The orc barely misses you.
You feel less confused.
The orc throws a silver boomerang.
The silver boomerang hits you.
You die...

#.# #.#####.#
#.)o..o..∆
#.#####.. #)# #o###
#)..##
####.#..#######
##....o{o@.....#
#..#.###.###.#.#
####..#†..#.# .
#.....###.#.#.# .#
#.###...#.#.#.#....
#.#
#._........)_..#
#.#
#...#.#.#.#....#
#.#
#.###.#.#.###..#
#.# #.#
..#.#∆..#..#


You could see 3 orcs.

Vanquished Creatures
  An orc wizard (D:3)
  4 adders
  A worm (D:2)
  2 dart slugs (D:1)
  5 orcs
  2 bats (D:1)
  An endoplasm (D:3)
  A giant cockroach (D:1)
  7 goblins
  3 hobgoblins
  A quokka (D:1)
  4 frilled lizards
  2 kobolds
  3 rats
37 creatures vanquished.

Vanquished Creatures (others)
  144 foxfires
144 creatures vanquished.

Grand Total: 181 creatures vanquished

Notes
Turn   | Place    | Note
-------+----------+-------------------------------------------
     0 | D:1      | greenreed the Gnoll Fire Elementalist began the quest for
                  | the Orb.
     0 | D:1      | Reached XP level 1. HP: 13/13 MP: 6/6
   214 | D:1      | Reached XP level 2. HP: 19/19 MP: 4/7
   674 | D:1      | Found Cosaoj's Distillery.
   845 | D:1      | Found a faded altar of an unknown god.
  1001 | D:1      | Reached XP level 3. HP: 25/25 MP: 6/9
  1178 | D:2      | Reached skill level 5 in Spellcasting
  1235 | D:2      | Reached skill level 1 in Invocations
  1416 | D:2      | Reached skill level 1 in Fighting
  1416 | D:2      | Reached skill level 1 in Short Blades
  1416 | D:2      | Reached skill level 1 in Long Blades
  1416 | D:2      | Reached skill level 1 in Axes
  1416 | D:2      | Reached skill level 1 in Maces & Flails
  1416 | D:2      | Reached skill level 1 in Polearms
  1416 | D:2      | Reached skill level 1 in Staves
  1416 | D:2      | Reached skill level 1 in Slings
  1416 | D:2      | Reached skill level 1 in Bows
  1416 | D:2      | Reached skill level 1 in Crossbows
  1416 | D:2      | Reached skill level 1 in Throwing
  1416 | D:2      | Reached skill level 1 in Armour
  1416 | D:2      | Reached skill level 1 in Shields
  1416 | D:2      | Reached skill level 1 in Unarmed Combat
  1416 | D:2      | Reached skill level 1 in Evocations
  1733 | D:2      | Reached XP level 4. HP: 32/32 MP: 7/11
  2254 | D:3      | Found an opulent altar of Gozag.
  2254 | D:3      | Found an iron altar of Okawaru.
  2300 | D:3      | Reached skill level 1 in Hexes
  2300 | D:3      | Reached skill level 1 in Summonings
  2300 | D:3      | Reached skill level 1 in Necromancy
  2300 | D:3      | Reached skill level 1 in Translocations
  2300 | D:3      | Reached skill level 1 in Transmutations
  2300 | D:3      | Reached skill level 1 in Ice Magic
  2300 | D:3      | Reached skill level 1 in Air Magic
  2300 | D:3      | Reached skill level 1 in Earth Magic
  2300 | D:3      | Reached skill level 1 in Poison Magic
  2312 | D:3      | HP: 1/32 [orc (7)]
  2313 | D:3      | Hit by a silver boomerang thrown by an orc

Illustrated notes

Levels and vault maps discovered:
D:1:      scummos_arrival_hexagon, layout_basic,
          chequers_ecumenical_altar_island, serial_shops,
          nicolae_shop_hallway_plus, minmay_pentomino_z2
D:2:      layout_loops_ring
D:3:      layout_loops_ring, mainiacjoe_overflow_large_starburst

Skill      XL: |  1  2  3  4 |
---------------+-------------+-----
Conjurations   | 2 |  2.3
Spellcasting   | 5 |  5.1
Invocations    | 1 |  1.4
Fighting       | 1 |  1.2
Short Blades   | 1 |  1.2
Long Blades    | 1 |  1.2
Axes           | 1 |  1.2
Maces & Flails | 1 |  1.2
Polearms       | 1 |  1.2
Staves         | 1 |  1.2
Slings         | 1 |  1.2
Bows           | 1 |  1.2
Crossbows      | 1 |  1.2
Throwing       | 1 |  1.2
Armour         | 1 |  1.2
Shields        | 1 |  1.2
Unarmed Combat | 1 |  1.2
Evocations     | 1 |  1.2
Hexes          | 1 |  1.0
Summonings     | 1 |  1.0
Necromancy     | 1 |  1.0
Translocations | 1 |  1.0
Transmutations | 1 |  1.0
Ice Magic      | 1 |  1.0
Air Magic      | 1 |  1.0
Earth Magic    | 1 |  1.0
Poison Magic   | 1 |  1.0
Dodging        | |  4.7
Stealth        | |  4.3
Fire Magic     | |  5.5

Action                   |  1- 3 |  4- 6 || total
-------------------------+-------+-------++-------
Melee: Dagger            |       |     1 ||     1
 Cast: Foxfire           |    68 |    24 ||    92
Armor: Robe              |       |     2 ||     2
Dodge: Dodged            |     1 |     2 ||     3

Table legend: (Time is in decaauts)
 A = Elapsed time spent in this place.
 B = Non-inter-level travel time spent in this place.
 C = Inter-level travel time spent in this place.
 D = Time resting spent in this place.
 E = Time spent auto-exploring this place.
 F = Levels seen in this place.
 G = Mean time per level.
                   A        B        C        D        E       F      G
               +--------+--------+--------+--------+--------+-----+--------+
         Total |   2313 |   2190 |    123 |     68 |   1847 |   3 |  771.0 |
       Dungeon |   2313 |   2190 |    123 |     68 |   1847 |   3 |  771.0 |
               +--------+--------+--------+--------+--------+-----+--------+

Top non-repeatable levels by time:
     D:1: 1143 daAuts
     D:2: 985 daAuts
     D:3: 183 daAuts
